 Dungeon Crawl Stone Soup version 0.17.1-2-g5865329 (webtiles) character file.

166 JustSomeDude the Skirmisher (level 5, 0/42 HPs)
             Began as a Demonspawn Fighter on Jan 16, 2016.
             Slain by an iguana (12 damage)
             ... on level 4 of the Dungeon.
             The game lasted 00:03:41 (2215 turns).

JustSomeDude the Skirmisher (Demonspawn Fighter)    Turns: 2215, Time: 00:03:41

Health: 0/42       AC:  6    Str: 18    XL:     5   Next: 22%
Magic:  5/5        EV:  8    Int:  9    God:
Gold:   138        SH:  9    Dex: 14    Spells: 0 memorised, 4 levels left

rFire  . . .     SeeInvis .     a - +0 war axe
rCold  . . .     Clarity  .     b - +0 scale mail
rNeg   . . .     SustAt   .     c - +0 shield
rPois  .         Gourm    .     (no helmet)
rElec  .         Spirit   .     (no cloak)
rCorr  .         Warding  .     (no gloves)
rMut   .         Stasis   .     (no boots)
MR     .....                    (no amulet)
Stlth  +.........               (no ring)
                                (no ring)

@: not resistant to hostile enchantments, very unstealthy
A: thin skeletal structure 1, rot immunity
a: no special abilities


You were on level 4 of the Dungeon.
You were not hungry.

You visited 1 branch of the dungeon, and saw 4 of its levels.

You collected 138 gold pieces.

Inventory:

Hand Weapons
 a - a +0 war axe (weapon)
Armour
 b - a +0 scale mail (worn)
 c - a +0 shield (worn)
Jewellery
 j - an uncursed ring of stealth {unknown}
 k - a +4 ring of dexterity {unknown}
 o - an uncursed ring of poison resistance {unknown}
Scrolls
 f - 4 scrolls of blinking {unknown}
 g - 4 scrolls of identify {unknown}
 h - 2 scrolls of enchant weapon {unknown}
 m - a scroll of magic mapping {unknown}
 n - a scroll of immolation {unknown}
 p - a scroll of enchant armour {unknown}
 r - 2 scrolls of amnesia {unknown}
 s - a scroll of recharging {unknown}
Potions
 d - a potion of might
 i - 2 potions of heal wounds {unknown}
 q - a potion of curing {unknown}
 u - a potion of degeneration {unknown}
Comestibles
 e - 4 bread rations
 l - a beef jerky


   Skills:
 + Level 3.7 Fighting
 + Level 2.4 Axes
 + Level 3.6 Armour
 + Level 1.5 Dodging
 + Level 3.5 Shields


You had 4 spell levels left.
You didn't know any spells.

Dungeon Overview and Level Annotations

Branches:
Dungeon (4/15)
 Temple: D:4-7

Altars:


Innate Abilities, Weirdness & Mutations

You have a somewhat thin skeletal structure (Dex +2, Stealth).
You are immune to rotting.


Message History

An iguana is nearby!
You hit the iguana.
The iguana is moderately wounded.
You block the iguana's attack.
You slash the iguana!
The iguana is almost dead.
The iguana bites you! The iguana bites you.
You hit the iguana but do no damage.
The iguana is almost dead.
The iguana bites you.
* * * LOW HITPOINT WARNING * * *
You are too injured to fight recklessly!
You are too injured to fight recklessly!
You are too injured to fight recklessly!
You are too injured to fight recklessly!
You are too injured to fight recklessly!
You closely miss the iguana.
The iguana is almost dead.
You block the iguana's attack. The iguana bites you!
You die...

...# #.# #.# #.#
...# #.# ###.# #.#
...# #.# ###...###
#.# ...# #.#
...[...# #.# ...#
.# #...... #.# ...#
. ..... #.# ..(###
.....###...#
...............l..#
.#. ######.....
###@##...#
.....##>.......#
#.........>....#
####
#...##.#........
...#
##.###.#.....##.
##.# #.#.........#
#.# #.#...........
#.# #..........###
#.# ###......###


You could see an iguana.

Vanquished Creatures
  A hound (D:4)
  An iguana (D:3)
  3 adders (D:2)
  2 oozes
  2 worms (D:2)
  3 giant geckos
  9 orcs
  2 ball pythons
  2 giant cockroaches
  6 hobgoblins
  2 quokkas
  7 bats
  4 giant newts
  5 goblins
  4 kobolds
  6 rats
59 creatures vanquished.

Notes
Turn   | Place    | Note
--------------------------------------------------------------
     0 | D:1      | JustSomeDude the Demonspawn Fighter began the quest for the Orb.
     0 | D:1      | Reached XP level 1. HP: 18/18 MP: 1/1
   224 | D:1      | Gained mutation: You are immune to rotting. [demonic ancestry]
   224 | D:1      | Reached XP level 2. HP: 22/24 MP: 2/2
   561 | D:2      | Reached XP level 3. HP: 16/29 MP: 3/3
  1068 | D:2      | Gained mutation: You have a somewhat thin skeletal structure (Dex +2, Stealth). [demonic ancestry]
  1068 | D:2      | Reached XP level 4. HP: 13/36 MP: 4/4
  1314 | D:3      | Reached skill level 1 in Dodging
  1966 | D:4      | Reached XP level 5. HP: 40/42 MP: 5/5
  2215 | D:4      | Slain by an iguana

Action                   |  1- 3 |  4- 6 || total
-------------------------+-------+-------++-------
Melee: War axe           |   110 |    88 ||   198
  Eat: Chunk             |       |     5 ||     5
